Map: New Repugnancy LE

Players

macromore

  • Race: Terran Terran
  • League: Diamond
  • Spawn Location: 1:00

A.I. 1 (Very Easy) - Winner!

  • Race: Protoss Protoss
  • Spawn Location: 7:00

VOD

Have the link to the VOD?

Description

Time

  • Played on: Feb. 27, 2019, 4:03 p.m.
  • Length: 9:34
Show
View Real Time Build Order
Export as new Build Order

macromore Terran 

Build Orders: Reaper Expand 

Get SALT Encoding   

  12  0:00  SCV  
  13  0:12  SCV  
  14  0:17  Supply Depot  
  14  0:24  SCV  
  15  0:39  SCV  
  15  0:40  Barracks  
  16  0:46  Refinery  
  16  0:51  SCV  
  17  1:03  SCV  
  18  1:15  SCV  
  19  1:27  Orbital Command  
  19  1:29  Reaper  
  20  1:42  Command Center  
  20  1:53  SCV  
  21  2:01  Barracks Reactor  
  21  2:06  Refinery  
  21  2:08  Supply Depot  
  21  2:12  SCV  
  22  2:24  SCV, Factory  
  23  2:36  SCV  
  24  2:39  Marine x2  
  26  2:48  SCV  
  27  2:53  Orbital Command  
  27  2:59  Marine x2  
  27  3:00  SCV  
  27  3:03  Barracks  
  30  3:11  Starport  
  30  3:23  Factory Tech Lab  
  30  3:24  Marine x2  
  30  3:25  SCV x2  
  34  3:27  Barracks  
  34  3:33  Supply Depot  
  34  3:37  SCV  
  35  3:47  SCV  
  36  3:49  SCV  
  36  3:50  Factory Tech Lab  
  36  3:55  Raven  
  37  3:59  SCV  
  40  4:05  SCV, Marine  
  40  4:06  Marine  
  43  4:11  SCV  
  44  4:17  SCV  
  44  4:19  Bunker  
  45  4:27  Marine x2  
  45  4:28  Supply Depot  
  45  4:30  Stimpack  
  47  4:33  SCV x2  
  49  4:45  Marauder  
  51  4:46  Combat Shield  
  51  4:47  Marauder, Marine  
  51  4:49  Marine  
  51  4:50  SCV x2  
  51  4:52  Supply Depot, Refinery  
  57  4:59  Supply Depot  
  57  5:02  SCV x2  
  57  5:03  Supply Depot  
  57  5:05  Engineering Bay  
  59  5:09  Marine x2  
  59  5:12  Factory Reactor, Starport Reactor  
  59  5:14  SCV x2, Marauder x2  
  62  5:18  Supply Depot  
  67  5:26  SCV x2  
  69  5:30  Supply Depot  
  69  5:36  Terran Infantry Weapons Level 1  
  69  5:38  SCV x2  
  69  5:40  Supply Depot  
  69  5:42  Marine x2  
  73  5:43  Marauder x2  
  73  5:45  Refinery  
  73  5:48  Medivac x2  
  83  5:50  Widow Mine x2  
  83  5:56  Supply Depot  
  85  6:01  SCV x2  
  87  6:06  Marine x2  
  87  6:07  Marauder x2  
  87  6:09  Concussive Shells  
  93  6:13  SCV x2  
  95  6:20  Widow Mine, Command Center  
  95  6:22  Widow Mine  
  95  6:24  Medivac  
  101  6:27  Medivac  
  101  6:31  SCV x2, Marine  
  106  6:35  Marine  
  106  6:39  Marauder  
  109  6:42  Supply Depot  
  109  6:43  SCV  
  109  6:46  Supply Depot  
  110  6:48  Supply Depot  
  110  6:50  Widow Mine, Marine  
  110  6:51  SCV  
  114  6:58  SCV  
  114  6:59  Marauder, Marine  
  118  7:03  Medivac x2  
  118  7:08  SCV  
  123  7:09  Marauder  
  123  7:10  SCV  
  123  7:15  Widow Mine x2  
  130  7:20  SCV, Marauder  
  130  7:22  SCV  
  134  7:30  Terran Infantry Armor Level 1, Barracks x2, Marine x2  
  134  7:32  Marauder  
  138  7:39  Supply Depot  
  138  7:40  Supply Depot  
  138  7:47  Marauder  
  138  7:48  Widow Mine x2  
  138  7:49  Medivac  
  138  7:50  Orbital Command  
  146  7:53  Marauder  
  146  7:56  Viking  
  150  8:00  Marine  
  150  8:03  Marine  
  150  8:04  SCV x2  
  154  8:08  Marine  
  155  8:16  Widow Mine x2, SCV x2  
  155  8:17  Barracks Tech Lab, Barracks Reactor  
  155  8:18  Marauder  
  155  8:19  Marine  
  164  8:21  SCV  
  164  8:25  Ghost Academy  
  165  8:28  SCV x2  
  165  8:30  Refinery  
  165  8:31  Refinery, Marine  
  165  8:33  SCV  
  173  8:35  Viking x2  
  173  8:39  Supply Depot  
  173  8:40  SCV  
  173  8:41  Supply Depot, SCV  
  175  8:42  Supply Depot  
  175  8:45  SCV  
  176  8:57  Engineering Bay  
  176  8:58  Armory, Marine  
  176  8:59  Marine x3  
  176  9:01  Widow Mine  
  190  9:02  Widow Mine  
  190  9:04  Ghost x3  
  190  9:06  SCV x3  
  193  9:21  Starport  
  197  9:27  Command Center  
Show
View Real Time Build Order
Export as new Build Order

A.I. 1 (Very Easy) Protoss - Winner!

Build Orders:  

Get SALT Encoding   

  12  0:00  Probe  
  13  0:13  Probe  
  14  0:20  Pylon  
  14  0:37  Assimilator  
  14  0:44  Gateway  
  14  0:49  Pylon  
  14  1:15  Assimilator  
  14  1:17  Probe  
  14  1:25  Probe  
  16  1:33  Probe  
  16  1:36  Cybernetics Core  
  17  1:44  Probe  
  18  1:54  Probe  
  19  2:02  Probe, Warp Gate  
  20  2:14  Stalker  
  22  5:27  Zealot  
  24  5:28  Probe  
  24  5:29  Pylon  
  24  5:32  Robotics Facility  
  25  5:37  Probe  
  26  5:45  Probe  
  27  5:55  Probe  
  27  6:01  Pylon  
  28  6:05  Probe  
  27  6:13  Probe  
  28  6:19  Observer  
  28  6:23  Zealot  
  31  6:40  Observer  
  32  7:07  Nexus  
  32  7:20  Stalker  
  34  8:18  Probe  
  35  8:25  Probe  
  36  8:29  Assimilator  
  36  8:30  Probe, Assimilator  
  37  8:37  Probe  
  38  8:48  Probe  
  40  8:55  Probe  
  41  9:02  Probe  
  41  9:10  Probe  
  41  9:13  Probe  
  42  9:21  Probe  
Tags
 
Add a new tag
Caveats
  • Supply blocks, unpowered buildings, or Contaminate may cause inaccurate times.
  • Supply counts are checked every 10 seconds.